Cogmind - Beta 14 @@@ ROGUE MODE // 2025.01.10 @ 16:51:14 Player: Nueadkie Result: Destroyed by G-47 Trooper with Particle Gun Performance ------------- Evolutions (0) 0 Regions Visited (2) 400 Robots Destroyed (41) 205 Value Destroyed (768) 768 Prototype IDs (2) 40 Alien Tech Used (0) 0 Bonus (0) 0 TOTAL SCORE: 1413 Bonus ------- None Cogmind --------- Core Integrity 0/250 Matter 285/300 Energy 99/100 System Corruption 0% Temperature Cool (12) Movement Treading (480) Ox4 Location -10/Subcaves Parts ------- > --- POWER (1) -------- (None) > --- PROPULSION (2) --- Light Treads Wheel > --- UTILITY (2) ------ Huge Storage Unit Targeting Computer > --- WEAPON (2) ------- Particle Gun Light Assault Rifle > --- INVENTORY (25) --- Ion Engine Ion Engine Light Ion Engine Subdweller Power Source Light Treads Light Treads Heat Sink Medium Storage Unit High-capacity Storage Unit Medium Matter Pod (100) Visual Processing Unit Subdweller Optics Signal Interpreter Signal Interpreter Improved Terrain Scanner Improved Terrain Scanner Terrain Scan Processor Seismic Detector Battle Cannon Grenade Launcher Grenade Launcher Flamer Shrapnel Trap Piercing Trap Peak State ------------ > --- POWER ------------ Subdweller Power Source > --- PROPULSION ------- Wheel Subdweller Monowheel > --- UTILITY ---------- Huge Storage Unit Targeting Computer > --- WEAPON ----------- Subdweller Laser Subdweller Machine Gun > --- INVENTORY -------- Ion Engine Ion Engine Light Ion Engine Light Ion Engine Light Treads Light Treads Light Treads Heat Sink Medium Storage Unit High-capacity Storage Unit Medium Matter Pod Visual Processing Unit Subdweller Optics Signal Interpreter Signal Interpreter Improved Terrain Scanner Improved Terrain Scanner Terrain Scan Processor Seismic Detector Particle Gun Light Assault Rifle Grenade Launcher Grenade Launcher Mining Laser [Rating: 14] Favorites ----------- Power Subdweller Power Source Engine Subdweller Power Source Propulsion Light Treads Treads Light Treads Wheel Wheel Utility Targeting Computer Device Improved Terrain Scanner Storage Huge Storage Unit Processor Targeting Computer Weapon Assault Rifle Energy Gun Subdweller Laser Ballistic Gun Assault Rifle Launcher Grenade Launcher Special Weapon Mining Laser Build | -11 -10 -10 ------- Run | Yrd Mat Sub Slots Evolved . | . . . Power . | . . . Propulsion . | . . . Utility . | . . . Weapon . | . . . Parts Attached 36 | 7 9 20 Power 4 | 1 . 3 Engine 4 | 1 . 3 Core . | . . . Reactor . | . . . Propulsion 10 | 2 2 6 Treads 4 | 2 . 2 Leg . | . . . Wheel 6 | . 2 4 Hover . | . . . Flight . | . . . Utility 5 | 2 3 . Device 1 | 1 . . Storage 3 | 1 2 . Processor 1 | . 1 . Hackware . | . . . Protection . | . . . Artifact . | . . . Weapon 17 | 2 4 11 Energy Gun 5 | . . 5 Energy Cannon . | . . . Ballistic Gun 6 | 2 1 3 Ballistic Cannon . | . . . Launcher 1 | . 1 . Special Weapon 5 | . 2 3 Impact Weapon . | . . . Slashing Weapon . | . . . Piercing Weapon . | . . . Special Melee Weapon . | . . . Unidentified Prototypes . | . . . Parts Lost 6 | . . 6 Power 2 | . . 2 Propulsion 2 | . . 2 Utility . | . . . Weapon 2 | . . 2 Highest Loss Streak 2 | . . 2 To Critical Strikes 1 | . . 1 Average Slot Usage (%) 99 | . 100 98 Engine 13 | . 14 13 Treads 14 | . 18 12 Wheel 13 | . 9 15 Storage 14 | . 14 14 Processor 13 | . 12 14 Energy Gun 3 | . . 4 Ballistic Gun 18 | . 27 14 Special Weapon 5 | . . 6 Peak Build Rating 14 | 9 10 14 Average Rating 10 | 7 9 11 On Entrance 6 | . 9 10 Naked Turns . | . . . Heaviest Build 93 | 15 90 93 Greatest Support 40 | 40 40 40 Greatest Overweight (x) 9 | 1 8 9 Average Overweight (x) 5 | . 5 5 Largest Inventory Capacity 25 | 8 25 25 Average Capacity 23 | 7 22 25 Most Carried 25 | 6 25 25 Average Carried 21 | 3 17 24 Final Capacity 25 | 8 25 25 Final Carried 25 | 6 25 24 Class Distribution -------------------- 98% | Mutant Dominant Class ---------------- Mutant | -10/Materials Mutant | -10/Subcaves Resources | -11 -10 -10 ----------- Run | Yrd Mat Sub Matter Collected 1182 | 318 524 340 Remotely . | . . . Salvage Created 1342 | 157 643 542 Parts 103 | 16 59 28 Haulers Intercepted 2 | . 2 . Recyclers Shooed 2 | . 2 . Parts Field Recycled . | . . . Retrieved Matter . | . . . Parts Self-Destructed 7 | . . 7 Prevented . | . . . Kills | -11 -10 -10 ------- Run | Yrd Mat Sub Combat Hostiles Destroyed 24 | . 14 10 Guns 24 | . 14 10 Classes Destroyed 11 | 2 6 3 Worker 3 | . 3 . Builder 3 | . 3 . Tunneler 5 | 5 . . Hauler 2 | . 2 . Recycler 2 | 1 1 . Watcher 2 | . 2 . Swarmer 9 | . 9 . Grunt 6 | . 5 1 Artisan 2 | . . 2 Cobbler 1 | . . 1 Subdweller 9 | . . 9 Best Kill Streak 7 | 2 7 3 Combat Bots Only 3 | . 3 3 Max Kills in Single Turn 2 | 1 2 1 Gunslinging 1 | . 1 . Exploded . | . . . Melee . | . . . Uniques/NPCs Destroyed . | . . . Combat | -11 -10 -10 -------- Run | Yrd Mat Sub Hostile Shots Fired 108 | . 53 55 Missed 27 | . 14 13 Damage Taken 1163 | . 363 800 Core 255 | . 74 181 Absorbed by Shields . | . . . Core Remaining (%) 100 | 100 . . Volleys Fired 175 | 8 71 96 Largest 2 | 2 2 2 Hottest 120 | 40 100 120 Shots Fired 288 | 16 130 142 Gun 241 | 16 118 107 Cannon . | . . . Launcher . | . . . Special 47 | . 12 35 Kinetic 210 | 16 118 76 Thermal 78 | . 12 66 Explosive . | . . . Electromagnetic . | . . . Robot Hit Streak 11 | 5 6 11 Robot Miss Streak 5 | 2 5 3 Penetration Max . | . . . Secondary Targets 6 | . 6 . Max Gunslinging Chain 1 | . 1 . Shots Hit Robots 151 | 9 68 74 Core Hits 72 | 7 33 32 Critical Kills . | . . . Critical Parts Destroyed 1 | . 1 . Critical Strikes 2 | . 1 1 Burn 1 | . . 1 Destroy 1 | . 1 . Melee Attacks . | . . . Impact . | . . . Slashing . | . . . Piercing . | . . . Sneak Attacks . | . . . Combat Hostiles . | . . . Follow-up Attacks . | . . . Damage Inflicted 1993 | 112 913 968 Guns 1969 | 112 889 968 Cannons . | . . . Explosions . | . . . Melee . | . . . Ramming . | . . . Kinetic 1583 | 112 889 582 Thermal 410 | . 24 386 Explosive . | . . . Electromagnetic . | . . . Impact . | . . . Slashing . | . . . Piercing . | . . . Highest Corruption . | . . . Average Corruption . | . . . Corruption Purged . | . . . Corruption Blocked . | . . . Overload Shots . | . . . Overflow Damage . | . . . Projectiles . | . . . Explosions . | . . . Melee . | . . . Knockbacks . | . . . Impact . | . . . Kinetic . | . . . Secondary . | . . . Self-Inflicted Damage . | . . . Shots . | . . . Rammed . | . . . Targets Rammed . | . . . Kicked . | . . . Crushed . | . . . Highest Temperature 120 | . 120 24 Average Temperature 29 | . 42 7 Received Heat Transfer 324 | . 69 255 Siege Activations . | . . . Robots Corrupted . | . . . Combat Hostiles . | . . . Parts Fried . | . . . Impact Corruptions . | . . . Robots Melted . | . . . Combat Hostiles . | . . . Parts Melted 1 | . . 1 Heat Transferred 854 | . 50 804 Parts Sabotaged . | . . . Parts Stolen . | . . . Parts Stripped . | . . . Power Chain Reactions . | . . . Alert | -11 -10 -10 ------- Run | Yrd Mat Sub Peak Influence 219 | 30 219 . Initial 19 | . 19 . Average 83 | 14 90 . Maximum Alert Level 1 | . 1 . Low Security (%) 89 | 100 88 . Level 1 10 | . 11 . Level 2 . | . . . Level 3 . | . . . Level 4 . | . . . Level 5 . | . . . High Security . | . . . Max Security . | . . . Squads Dispatched 1 | . 1 . Investigation 1 | . 1 . Extermination . | . . . Reinforcement . | . . . Assault . | . . . Garrison . | . . . Intercept . | . . . Searches Triggered . | . . . Construction Impeded . | . . . Haulers Reinforced . | . . . Active Scanning Responses . | . . . Cargo Convoy Interrupts . | . . . Stealth | -11 -10 -10 --------- Run | Yrd Mat Sub Distress Signals 3 | . 3 . Communications Jammed . | . . . Distress Signals . | . . . Times Spotted 34 | . 22 12 Peak Tracking Total 5 | . 5 2 Tactical Retreats 1 | . 1 . Traps | -11 -10 -10 ------- Run | Yrd Mat Sub Traps Triggered 1 | . 1 . Indirectly . | . . . Trap Hack Attempts . | . . . Triggered . | . . . Disarmed . | . . . Reprogrammed . | . . . Reused . | . . . Traps Extracted . | . . . Installed . | . . . Triggered . | . . . Most Traps Carried 2 | . . 2 Machines | -11 -10 -10 ---------- Run | Yrd Mat Sub Machines Disabled . | . . . Max in Single Turn . | . . . Machines Repaired . | . . . Machines Dismantled . | . . . Machines Sabotaged . | . . . Overloaded Fab Kills . | . . . Hacking | -11 -10 -10 --------- Run | Yrd Mat Sub Machines Accessed 5 | . 4 1 Terminals 2 | . 2 . Fabricators . | . . . Repair Stations . | . . . Recycling Units 2 | . 2 . Scanalyzers . | . . . Garrison Access . | . . . Total Hacks 15 | . 10 5 Successful 10 | . 5 5 Failed 5 | . 5 . Catastrophic 1 | . 1 . Database Lockouts . | . . . Manual 9 | . 8 1 Terminals 8 | . 8 . Fabricators . | . . . Repair Stations . | . . . Recycling Units 2 | . 2 . Scanalyzers . | . . . Garrison Access . | . . . Terminal Hacks 8 | . 3 5 Record 5 | . . 5 Part Schematic 2 | . 2 . Prototype ID Bank 1 | . 1 . Fabricator Hacks . | . . . Repair Station Hacks . | . . . Recycling Unit Hacks 2 | . 2 . Report Inventory 2 | . 2 . Scanalyzer . | . . . Garrison Access Hacks . | . . . Unauthorized Hacks . | . . . Terminals . | . . . Fabricators . | . . . Repair Stations . | . . . Recycling Units . | . . . Scanalyzers . | . . . Garrison Access . | . . . Data Cores Recovered . | . . . Used . | . . . Hacking Detections 2 | . 2 . Full Trace Events . | . . . Feedback Events . | . . . Feedback Blocked . | . . . Robot Schematics Acquired . | . . . Robots Built . | . . . Authchips . | . . . Time . | . . . Total Robot Build Rating . | . . . Part Schematics Acquired 2 | . 2 . Parts Built . | . . . Authchips . | . . . Time . | . . . Total Part Build Rating . | . . . Parts Repaired . | . . . Time . | . . . Parts Recycled . | . . . Recycled Matter . | . . . Retrieved Matter . | . . . Retrieved Components . | . . . Parts Scanalyzed . | . . . Part Schematics Acquired . | . . . Parts Damaged . | . . . Bothacking | -11 -10 -10 ------------ Run | Yrd Mat Sub Used RIF Installer . | . . . Robots Hacked . | . . . Non-combat . | . . . Combat . | . . . Robot Hacks Applied . | . . . Relay Couplers Released . | . . . Fabnet Peak Effective % . | . . . Robots Rewired . | . . . Allies Hacked . | . . . Hacks Repelled . | . . . Allies | -11 -10 -10 -------- Run | Yrd Mat Sub Total Allies . | . . . Largest Group . | . . . Highest-Rated Group . | . . . Highest-Rated Ally . | . . . Total Orders . | . . . Ally Attacks . | . . . Total Damage . | . . . Kills . | . . . Allies Corrupted . | . . . Allies Melted . | . . . Intel | -11 -10 -10 ------- Run | Yrd Mat Sub Robot Analysis Total . | . . . Derelict Logs Recovered . | . . . Drone Launches . | . . . Drone Recoveries . | . . . Exploration | -11 -10 -10 ------------- Run | Yrd Mat Sub Turns Passed 4015 | 133 1211 2671 Spaces Moved 1779 | 61 459 1259 Core 5 | 5 . . Treads 259 | 56 154 49 Legs . | . . . Wheels 1515 | . 305 1210 Hover . | . . . Flight . | . . . Fastest Speed 50 | 50 160 119 Average Speed 185 | 152 200 181 Slowest Speed 480 | 160 320 480 Overloaded Moves . | . . . Propulsion Burnouts . | . . . Robots Hopped . | . . . Cave-ins Triggered . | . . . Exploration Rate (%) 44 | 5 66 62 Regions Visited 2 Branch Regions 1 Pre-discovered Areas . | . . . Known Exits Taken . | . . . Unknown Exits Taken 2 | 1 1 . Scrap Searched 1 | . . 1 Spaces Dug 1 | . 1 . Terrain Destroyed 2 | . 2 . Melee . | . . . Projectile 2 | . 2 . AOE . | . . . Terrain Rammed . | . . . Walls Destroyed . | . . . Machines Disabled . | . . . Actions | -11 -10 -10 --------- Run | Yrd Mat Sub Total 2128 | 81 600 1447 Wait 63 | . 24 39 Move 1777 | 60 458 1259 Hop . | . . . Pick Up 41 | 6 26 9 Fast Attach 15 | 7 1 7 Attach 17 | . 4 13 Detach 11 | . 1 10 Swap 4 | . 4 . Drop 23 | . 11 12 Fire 175 | 8 71 96 Melee . | . . . Ram . | . . . Kick . | . . . Crush . | . . . Escape Stasis . | . . . Rewire 2 | . . 2 Trap . | . . . Miscellaneous . | . . . Route ------- -11/Scrapyard -10/Materials (discovered 3 exits: [*Mat x2] / *Sub) -10/Subcaves (discovered 1 exit: [*Mat]) History --------- Turn | Location | Event 10 | -11/Scrapyard | Discovered new exit (range 16) 134 | -11/Scrapyard | Entered Materials 304 | -10/Materials | Build established: Mutant 670 | -10/Materials | Discovered new exit (range 5) 1033 | -10/Materials | Discovered new exit (range 14) 1336 | -10/Materials | Discovered new exit (range 2) 1345 | -10/Materials | Entered Subcaves 1505 | -10/Subcaves | Discovered new exit (range 15) 1723 | -10/Subcaves | Visited Clippyterm 1726 | -10/Subcaves | Learned 40 Factory zone layouts 1726 | -10/Subcaves | Learned Factory stockpile data 2036 | -10/Subcaves | Core integrity fell below 50% 2382 | -10/Subcaves | Shifting Twisted Machinery released Sub. Power Source 2395 | -10/Subcaves | Shifting Twisted Machinery released Flamer 2965 | -10/Subcaves | Shifting Twisted Machinery released Sub. Laser 2970 | -10/Subcaves | Shifting Twisted Machinery released Shrapnel Trap 3027 | -10/Subcaves | A swath of the cavern ceiling suddenly collapsed 4009 | -10/Subcaves | Core integrity fell below 20% 4016 | -10/Subcaves | Destroyed by G-47 Trooper with Particle Gun Last Messages --------------- 03121_ Sub. Monowheel melted. 03121_ V6-AUO(R) destroyed. 03124_ Acquired 23 matter. 03310_ Dropped Broken Sub. Machine Gun. 03316_ Sub. Power Source shoots sparks and powers down. 03317_ Dropped Broken Sub. Power Source. 03339_ Acquired Shrapnel Trap. 03366_ Searching scrap... 03366_ Found Piercing Trap. 03366_ Found Battle Cannon. 03366_ Found 57 Matter. 03367_ Acquired 21 matter. 03370_ Acquired Battle Cannon. 03377_ Dropped Broken Sub. Monowheel. 03379_ Acquired Piercing Trap. 03982_ Dropped Mining Laser. 03984_ G-34 Mercenary destroyed. 03985_ Lgt. Ion Engine destroyed. 03998_ Critical hit (Burn: +37). Map ----- +----------------------------------------------------+ | ????????????????????????????????????????????????## | | ?????????????????????????????????????????????????? | | ?????????????????????????????????????????????????? | | ?????????????????????????????????????????????????? | | ?????????????????????????????????????????????????? | | ?????????????????????????????????????????????????# | | ????????????????????????????????????????????????## | | ???????????????????????????????????????????????##" | | ???????????????????????????????????????????????#" | | ???????????????????????????????????????????????## | | ????????????????????????????????????????????????## | | ?????????????????????????????????????????????????? | | ?????????????????????????????????????????????????? | | ?????????????????????????????????????????????????? | | ?????????????????????????????????????????????????? | | ?????????????????????????????????????????????????? | | ?????????????????????????????????????????????????? | | ?????????????????????????????????????????????????? | | ?????????????????????????????????????????????????? | | ???????????????????????????###???????????????????# | | ???????????????????????????# #??????????????????## | | ??????????????????????????## #????????????????### | | ?????????????????????????## ##???????????????# | | ?????????????????????##### #???????????????# | | ?????????????????????# #???????????????# | | ?????????????????????# @ ##??????????????#### | | ?????????????????#####g | ###?###????????## | | ?????????????? = ### ##????#### | | ?????????? % ###### # | | ???????????#### ## ## ## # | | ??????????????## ??######## ### # | | ???????????????## ?????????## ###?## # | | ???????????????????????????# #????# ## | | ??????????????????????????# #????## ### # | | ??????????????????????????# ##?????### ##?#### | | ??????????????????????????######????????####?????? | | ?????????????????????????????????????????????????? | | ?????????????????????????????????????????????????? | | ?????????????????????????????????????????????????? | | ?????????????????????????????????????????????????? | | ?????????????????????????????????????????????????? | | ?????????????????????????????????????????????????? | | ?????????????????????????????????????????????????? | | ?????????????????????????????????????????????????? | | ?????????????????????????????????????????????????? | | ?????????????????????????????????????????????????? | | ?????????????????????????????????????????????????? | | ?????????????????????????????????????????????????? | | ?????????????????????????????????????????????????? | | ?????????????????????????????????????????????????? | +----------------------------------------------------+ Best States ------------- Heat Dissipation 25 Energy Generation 15 Energy Capacity 250 Matter Stores 300 Matter Capacity 300 Sight Range 16 Terrain Scan Range 16 Terrain Scan Density 10 Evasion (%) 40 Targeting Accuracy 5 Recoil Reduction 2 Item Schematics ----------------- Sml. Storage Unit | -10/Materials | Hacked Signal Interpreter | -10/Materials | Hacked Robot Schematics ------------------ None Fabricated ------------ Nothing Alien Tech Used ----------------- None Achievements -------------- None Challenges ------------ None Game ------ Seed WardronePhysicsWeb Manual? 0 Play Time 00:30:26 Cumulative 20.4 hours Start 2025.01.10 @ 16:22:34 End 2025.01.10 @ 16:51:14 Sessions 1 Manual Loads 0 Difficulty Rogue Special Mode None Game No. 27 Rogue 27 Adventurer 0 Explorer 0 Win Type - Total 0 Types 0/0/0/0/0/0/0/0/0 Lore% 13 Gallery% 22 Achievement% 20 Wizard Run 0 Options --------- Layout 1 ASCII 0 Keyboard 1 Movement Vi Keybinds 0 Fullscreen 1 Font 24/Smallcaps Map View 50x35 Zoom Use 0% Tactical HUD 1 Map Filters NONE Filters NONE Steam 1 RUN: 39f397eb-ef3f-43ca-8fb6-7482f16432ed